 Dungeon Crawl Stone Soup version 0.21.0-3-g78d12a8 (webtiles) character file.

4 Ignatius881 the Magician (level 1, -1/16 HPs)
             Began as a Troll Wizard on Jan 11, 2018.
             Slain by a gnoll (4 damage)
             ... on level 2 of the Dungeon.
             The game lasted 00:00:48 (101 turns).

Ignatius881 the Magician (Troll Wizard)              Turns: 101, Time: 00:00:49

Health: -1/16      AC:  5    Str: 14    XL:     1   Next: 50%
Magic:  2/2        EV: 10    Int: 14    God:
Gold:   18         SH:  0    Dex:  8    Spells: 3/4 levels left

rFire    . . .     SeeInvis .   (no weapon)
rCold    . . .     Gourm    +   (no shield)
rNeg     . . .     Faith    .   a - +0 robe
rPois    .         Spirit   .   b - +0 hat
rElec    .         Reflect  .   (no cloak)
rCorr    .         Harm     .   (gloves unavailable)
MR       .....                  (boots unavailable)
Stlth    +.........             (no amulet)
HPRegen  0.45/turn              (no ring)
MPRegen  0.08/turn              (no ring)

@: no status effects
A: large, unfitting armour, claws 3, fast metabolism 3, gourmand, regeneration
1, shaggy fur 1, tough skin 2
a: no special abilities


You were on level 2 of the Dungeon.
You were not hungry.

You visited 1 branch of the dungeon, and saw 2 of its levels.

You collected 18 gold pieces.

Inventory:

Armour
 a - a +0 robe (worn)
 b - a +0 hat (worn)
Scrolls
 d - a scroll of magic mapping {unknown}
Books
 c - a book of Minor Magic
Comestibles
 e - 3 rations


   Skills:
 + Level 1.6 Dodging
 + Level 1.1 Stealth
 + Level 2.0 Spellcasting
 + Level 0.7 Conjurations
   Level 0.6 Summonings
   Level 0.6 Translocations


You had 3 spell levels left.
You knew the following spells:

 Your Spells              Type           Power        Failure   Level  Hunger
a - Magic Dart            Conj           #...         17%         1    ##.....


Dungeon Overview and Level Annotations

Branches:
Dungeon (2/15)

Altars:

Portals:
Abyss: D:1***


Innate Abilities, Weirdness & Mutations

You are too large for most types of armour.
You have claws for hands.
Your metabolism is lightning-fast.
You like to eat raw meat.
Your natural rate of healing is unusually fast.
You are covered in fur. (AC +1)
You have very tough skin. (AC +2)


Message History

There is a stone staircase leading down here.
You climb downwards.
A bat and a rat come into view.
Found a silvery potion.
There is a stone staircase leading up here.
There are monsters nearby!
There are monsters nearby!
The bat barely misses you. The bat barely misses you. The bat misses you.
You miss the bat. The bat closely misses you.
You scratch the rat. The rat bites you.
You claw the rat!
You kill the rat!
The bat closely misses you. The bat barely misses you.
You barely miss the bat. The bat barely misses you.
A gnoll comes into view.
The gnoll shouts!
The bat closely misses you.
The bat hits you but does no damage. 2 gnolls come into view.
The gnoll shouts! x2
You claw the bat!
You kill the bat!
A gnoll comes into view. It is wielding a spear.
The gnoll moves out of view.
You scratch the gnoll but do no damage. The gnoll barely misses you.
You barely miss the gnoll. The gnoll hits you.
You scratch the gnoll. You scratch the gnoll. The gnoll closely misses you.
You closely miss the gnoll.
The gnoll hits you from afar with a spear.
The gnoll closely misses you.
You closely miss the gnoll. The gnoll closely misses you.
The gnoll hits you but does no damage. The gnoll barely misses you. x2
You scratch the gnoll.
The gnoll hits you from afar with a spear.
The gnoll hits you.
* * * LOW HITPOINT WARNING * * *
The gnoll barely misses you. The gnoll hits you but does no damage.
You are too injured to fight recklessly!
You are too injured to fight recklessly!
You are too injured to fight recklessly!
You closely miss the gnoll. The gnoll closely misses you.
The gnoll barely misses you. The gnoll hits you.
* * * LOW HITPOINT WARNING * * *
The gnoll hits you but does no damage.
You barely miss the gnoll.
The gnoll hits you from afar with a spear.
* * * LOW HITPOINT WARNING * * *
The gnoll barely misses you. The gnoll hits you.
You die...

.# .. ##### .# #..
...##.##
###.#####.#...##
......##......#
##.#...#.#<..####
#..g..............
...#.#gg.#.##.#####.
......g@...# .#
....######## +# #


You could see 4 gnolls.

Vanquished Creatures
  A goblin (D:1)
  A hobgoblin (D:1)
  A bat (D:2)
  A rat (D:2)
4 creatures vanquished.

Notes
Turn   | Place    | Note
-------+----------+-------------------------------------------
     0 | D:1      | Ignatius881 the Troll Wizard began the quest for the Orb.
     0 | D:1      | Reached XP level 1. HP: 16/16 MP: 2/2
   101 | D:2      | Slain by a gnoll

Action                   || total
-------------------------++-------
Melee: Unarmed           ||    27
  Eat: Chunk             ||     1
Armor: Robe              ||     6
Dodge: Dodged            ||    22
